 Dungeon Sprint DCSS version 0.24-a0-250-g6074511092 (webtiles) character file.

Game seed: 3362819082661209509

11485 Redear the Warrior (level 11, -26/112 HPs)
             Began as a Ghoul Monk on Apr 15, 2019.
             Was the Champion of Makhleb.
             Annihilated by a dire elephant (35 damage)
             ... in the Dungeon (Sprint III: "The Ten Rune Challenge").
             The game lasted 00:12:07 (2019 turns).

Redear the Warrior (Ghoul Monk)                     Turns: 2019, Time: 00:12:07

Health: -26/112    AC:  8    Str: 17    XL:     11   Next: 78%
Magic:  16/16      EV: 20    Int:  5    God:    Makhleb [******]
Gold:   2651       SH:  0    Dex: 13    Spells: 3/10 levels left

rFire    . . .     SeeInvis .     - Unarmed
rCold    + . .     Gourm    .   (no shield)
rNeg     + + +     Faith    .   j - +3 troll leather armour {Snorg}
rPois    ∞         Spirit   .   (no helmet)
rElec    .         Reflect  .   (no cloak)
rCorr    .         Harm     .   (no gloves)
MR       .....     NoTele   +   (no boots)
Stlth    ++........             (no amulet)
HPRegen  0.00/turn              (no ring)
MPRegen  0.15/turn              (no ring)

@: rotting, very slow
A: rotting body, claws 1, carnivore, cold resistance 1, negative energy
resistance 3, inhibited regeneration, torment resistance, unbreathing
a: Minor Destruction, Lesser Servant of Makhleb, Major Destruction, Greater
Servant of Makhleb, Renounce Religion


You were in the Dungeon.
You worshipped Makhleb.
Makhleb was exalted by your worship.
You were not hungry.

You visited 1 branch You collected 2891 gold pieces.
You spent 240 gold pieces at shops.

Inventory:

Armour
 a - a +0 robe
 c - a +2 cloak of invisibility
 j - a +3 troll leather armour (worn) {Snorg}
Scrolls
 e - a scroll of torment
 i - a scroll of immolation {unknown}
 N - 4 scrolls of remove curse
Potions
 b - a potion of brilliance {Archmagi Int+5 Wiz++}
 d - 5 potions of mutation {!q}
 f - 2 potions of magic
 g - 2 potions of berserk rage
Comestibles
 k - 17 chunks of flesh
 z - 16 rations


   Skills:
 - Level 15.0 Fighting
 + Level 10.1 Armour
 + Level 13.7 Dodging
 + Level 9.8 Stealth
 - Level 15.0 Unarmed Combat
 + Level 8.5 Invocations


You had 3 spell levels left.
You knew the following spells:

 Your Spells              Type           Power        Failure   Level  Hunger
b - Animate Skeleton      Necr           N/A          52%         1    ##.....
d - Blink                 Tloc           N/A          67%         2    ###....
j - Conjure Flame         Conj/Fire      #.......     88%         3    ####...
q - Confusing Touch       Hex            #.....       52%         1    ##.....

Your spell library contained the following spells:

 Spells                   Type           Power        Failure   Level  Hunger
 Apportation              Tloc           #.....       52%         1    ##.....
 Magic Dart               Conj           #...         52%         1    ##.....
 Summon Small Mammal      Summ           #...         52%         1    ##.....
 Call Imp                 Summ           #.......     67%         2    ###....
 Slow                     Hex            #.......     67%         2    ###....
 Mephitic Cloud           Conj/Pois/Air  #.......     88%         3    ####...


Dungeon Overview and Level Annotations

Branches:
Dungeon (1/1)

Altars:
Cheibriados
Dithmenos
Elyvilon
Fedhas
Gozag
Hepliaklqana
Kikubaaqudgha
Makhleb
Nemelex Xobeh
Okawaru
Qazlal
Ru
Sif Muna
Trog
Uskayaw
Vehumet
Wu Jian
Xom
Yredelemnul
Zin
The Shining One
Beogh
Jiyva
Lugonu

Shops:
D :

Annotations:
D Gastronok


Innate Abilities, Weirdness & Mutations

Your body is rotting away.
You thrive on raw meat.
You are immune to poison.
You have sharp fingernails.
You are carnivorous and can eat meat at any time.
Your flesh is cold resistant. (rC+)
You are immune to negative energy. (rN+++)
You do not regenerate when monsters are visible.
You are immune to unholy pain and torment.
You can survive without breathing.


Message History

You hold your ground!
The dire elephant closely misses you.
You take 7 damage, and have 10/112 hp.
The dire elephant barely misses you. The dire elephant trunk-slaps you!
* * * LOW HITPOINT WARNING * * *
You take 7 damage, and have 3/112 hp.
Unknown command.
Okay, then.
Okay, then.
Okay, then.
You aren't carrying any items that you can evoke.
Unknown command.
Okay, then.
Eat one of 18 chunks of flesh? (ye/n/q)
Okay, then.
Eat one of 18 chunks of flesh? (ye/n/q)
You eat one of the 18 chunks of flesh.
This raw flesh tastes great!
Your blizzard demon hits the dire elephant!
Your blizzard demon hits the dire elephant.
The dire elephant tramples you!!
You die...

)###...'.⌠.....)÷)#.#...######.+.
####(.)#...######'#)##.## ####
###....#.⌠.#__#...#'#############
##(....#...#__#(..#[))≈§'.#)))..'
#..)...#'###__#...#)#§§§#.#.#...#
)#.....#.).#__#..)')#§§§#.#.#...#
###....#___#__'..[#[#.§§#...#...#
▓▓▓▓▓▓▓▓▓▓▓▓▓▓▓▓▓▓▓▓▓▓▓▓▓▓▓▓▓▓▓▓#
≈≈.≈♣♣.....♣♣♣♣Y@≈........≈≈≈...#
§≈≈≈♣♣w≈≈≈≈'♣♣2♣≈≈≈≈≈≈≈≈≈≈≈≈♣♣P.'
§≈≈≈††÷÷..÷#.÷♣♣♣♣♣♣♣♣♣♣♣♣♣♣♣♣PP#
§≈≈≈♣♣♣♣♣♣♣#.÷♣ ♣♣♣# ≈≈≈≈♣ ###+
#####


You could see a dire elephant and a friendly blizzard demon.

Vanquished Creatures
  Snorg (D)
  A centaur warrior (D)
  An orc high priest (D)
  2 deep elf knights (D)
  An orc knight (D)
  4 deep elf magi (D)
  2 elephants (D)
  2 spiny frogs (D)
  A rime drake (D)
  A komodo dragon (D)
  3 wandering mushrooms (D)
  A queen bee (D)
  5 blink frogs (D)
  A shadow (D)
  A spatial vortex (D)
  A swamp drake (D)
  An orc warrior (D)
  A necrophage (D)
  2 centaurs (D)
  An earth elemental (D)
  A water elemental (D)
  32 killer bees (D)
  Crazy Yiuf (D)
  A jelly (D)
  3 orc priests (D)
  An orc wizard (D)
  A wizard (D)
  Jessica (D)
  A necromancer (D)
  3 humans (D)
  A kobold demonologist (D)
  An ooze (D)
  11 orcs (D)
  2 rats (D)
93 creatures vanquished.

Vanquished Creatures (others)
  2 draconian scorchers (D)
  6 hellions (D)
  2 yaktaurs (D)
  4 plants (D)
14 creatures vanquished.

Grand Total: 107 creatures vanquished

Notes
Turn   | Place    | Note
-------+----------+-------------------------------------------
     0 | D        | Redear the Ghoul Monk began the quest for the Orb.
     0 | D        | Reached XP level 1. HP: 19/19 MP: 0/0
    18 | D        | Reached skill level 3 in Dodging
    18 | D        | Reached skill level 4 in Unarmed Combat
    32 | D        | Noticed Jessica
    46 | D        | Killed Jessica
    46 | D        | Reached skill level 5 in Fighting
    46 | D        | Reached skill level 4 in Dodging
    46 | D        | Reached skill level 5 in Unarmed Combat
    46 | D        | Reached XP level 2. HP: 26/29 MP: 1/1
    46 | D        | Reached XP level 3. HP: 32/36 MP: 2/2
    51 | D        | Killed a yaktaur
    66 | D        | Noticed Crazy Yiuf
   128 | D        | Killed a hellion
   129 | D        | Killed a hellion
   164 | D        | Killed a hellion
   171 | D        | Killed Crazy Yiuf
   171 | D        | Reached skill level 6 in Fighting
   171 | D        | Reached skill level 5 in Dodging
   171 | D        | Reached skill level 6 in Unarmed Combat
   171 | D        | Reached XP level 4. HP: 29/44 MP: 3/3
   174 | D        | Killed a hellion
   194 | D        | Killed a white draconian scorcher
   203 | D        | Noticed a water elemental
   204 | D        | Killed a white draconian scorcher
   215 | D        | Killed a water elemental
   215 | D        | Reached skill level 7 in Fighting
   215 | D        | Reached skill level 7 in Unarmed Combat
   215 | D        | Reached XP level 5. HP: 6/52 MP: 4/4
   218 | D        | Killed a hellion
   275 | D        | Killed a hellion
   483 | D        | Found a glowing silver altar of Zin.
   484 | D        | Found a glowing golden altar of the Shining One.
   484 | D        | Found a white marble altar of Elyvilon.
   484 | D        | Noticed a deep elf mage
   493 | D        | Noticed a jumping spider
   493 | D        | Noticed a redback
   494 | D        | Killed a deep elf mage
   494 | D        | Reached skill level 10 in Fighting
   494 | D        | Reached skill level 8 in Dodging
   494 | D        | Reached skill level 10 in Unarmed Combat
   494 | D        | Reached XP level 6. HP: 60/63 MP: 5/5
   494 | D        | Reached XP level 7. HP: 65/69 MP: 6/6
   501 | D        | Found a hide-covered altar of Uskayaw.
   501 | D        | Found a roughly hewn altar of Beogh.
   501 | D        | Found an iron altar of Okawaru.
   501 | D        | Found a bloodstained altar of Trog.
   501 | D        | Found an ornate altar of the Wu Jian Council.
   501 | D        | Noticed a human
   502 | D        | Noticed a human
   507 | D        | Killed a human
   507 | D        | Reached skill level 9 in Dodging
   513 | D        | Killed a human
   513 | D        | Reached skill level 11 in Fighting
   513 | D        | Reached skill level 11 in Unarmed Combat
   609 | D        | Found a basalt altar of Yredelemnul.
   609 | D        | Found a shadowy altar of Dithmenos.
   609 | D        | Found a sacrificial altar of Ru.
   620 | D        | Reached XP level 8. HP: 55/79 MP: 7/7
   653 | D        | Found a radiant altar of Vehumet.
   654 | D        | Found a deep blue altar of Sif Muna.
   654 | D        | Found an ancient bone altar of Kikubaaqudgha.
   660 | D        | Noticed a sun demon
   704 | D        | Noticed a shadow
   715 | D        | Killed a shadow
   726 | D        | Found a blossoming altar of Fedhas.
   726 | D        | Found a stormy altar of Qazlal.
   726 | D        | Found a snail-covered altar of Cheibriados.
   726 | D        | Found a burning altar of Makhleb.
   726 | D        | Found a shimmering altar of Xom.
   727 | D        | Found a hazy altar of Hepliaklqana.
   727 | D        | Found an opulent altar of Gozag.
   727 | D        | Found a sparkling altar of Nemelex Xobeh.
   727 | D        | Found a corrupted altar of Lugonu.
   727 | D        | Found a viscous altar of Jiyva.
   741 | D        | Became a worshipper of Makhleb the Destroyer
   741 | D        | Reached * piety under Makhleb
   741 | D        | Reached ** piety under Makhleb
   745 | D        | Reached skill level 10 in Dodging
   890 | D        | Noticed Snorg
   895 | D        | Noticed an orc high priest
   920 | D        | Noticed a smoke demon
   922 | D        | Noticed an orange demon
   922 | D        | Noticed a rust devil
   922 | D        | Killed an orc high priest
   922 | D        | Reached *** piety under Makhleb
   922 | D        | Reached skill level 12 in Fighting
   922 | D        | Reached skill level 3 in Armour
   922 | D        | Reached skill level 12 in Unarmed Combat
   922 | D        | Reached XP level 9. HP: 61/88 MP: 8/8
   963 | D        | Killed Snorg
   963 | D        | Reached skill level 13 in Fighting
   963 | D        | Reached skill level 5 in Armour
   963 | D        | Reached skill level 11 in Dodging
   963 | D        | Reached skill level 13 in Unarmed Combat
  1064 | D        | Killed a yaktaur
  1191 | D        | Reached **** piety under Makhleb
  1216 | D        | Noticed an orc knight
  1233 | D        | Killed an orc knight
  1238 | D        | Reached ***** piety under Makhleb
  1260 | D        | Reached skill level 6 in Armour
  1260 | D        | Reached XP level 10. HP: 90/101 MP: 9/9
  1294 | D        | Noticed a centaur warrior
  1303 | D        | Killed a centaur warrior
  1303 | D        | Reached skill level 14 in Fighting
  1303 | D        | Reached skill level 12 in Dodging
  1303 | D        | Reached skill level 14 in Unarmed Combat
  1310 | D        | Reached ****** piety under Makhleb
  1310 | D        | Reached skill level 7 in Armour
  1342 | D        | Found Foset's Book Shop.
  1356 | D        | Bought a book of Cantrips for 240 gold pieces
  1361 | D        | Learned a level 2 spell: Blink
  1365 | D        | Learned a level 3 spell: Conjure Flame
  1367 | D        | Learned a level 1 spell: Confusing Touch
  1369 | D        | Learned a level 1 spell: Animate Skeleton
  1373 | D        | Noticed a deep elf mage
  1373 | D        | Noticed a deep elf mage
  1373 | D        | Noticed a deep elf mage
  1373 | D        | Noticed a deep elf knight
  1373 | D        | Noticed a deep elf knight
  1449 | D        | Killed a deep elf knight
  1449 | D        | Reached skill level 3 in Stealth
  1449 | D        | Reached skill level 2 in Invocations
  1487 | D        | Killed a deep elf mage
  1487 | D        | Reached skill level 4 in Stealth
  1498 | D        | Killed a deep elf knight
  1498 | D        | Reached skill level 3 in Invocations
  1504 | D        | Killed a deep elf mage
  1504 | D        | Reached skill level 5 in Stealth
  1504 | D        | Reached skill level 4 in Invocations
  1512 | D        | Killed a deep elf mage
  1512 | D        | Reached skill level 8 in Armour
  1536 | D        | Identified the amulet "Pucsaapp" {+Rage rC++ Int-4}
  1536 | D        | Noticed a deep elf mage
  1590 | D        | Reached XP level 11. HP: 110/110 MP: 13/13
  1614 | D        | Reached skill level 6 in Stealth
  1642 | D        | Reached skill level 5 in Invocations
  1671 | D        | Reached skill level 15 in Fighting
  1676 | D        | Reached skill level 15 in Unarmed Combat
  1692 | D        | Reached skill level 7 in Stealth
  1709 | D        | Reached skill level 13 in Dodging
  1798 | D        | Reached skill level 6 in Invocations
  1813 | D        | Reached skill level 9 in Armour
  1833 | D        | Reached skill level 8 in Stealth
  1847 | D        | Reached skill level 7 in Invocations
  1928 | D        | Reached skill level 9 in Stealth
  1941 | D        | Reached skill level 8 in Invocations
  1959 | D        | Noticed a dire elephant
  1959 | D        | Noticed a dire elephant
  1959 | D        | Noticed Gastronok
  1976 | D        | Reached skill level 10 in Armour
  2017 | D        | HP: 10/112 [dire elephant (30)]
  2018 | D        | HP: 3/112 [dire elephant (7)]
  2019 | D        | Annihilated by a dire elephant

Levels and vault maps discovered:
D:        dungeon_sprint_mu [sprint_mu_entry_cave, sprint_mu_temple_rooms,
          sprint_mu_d1_horrors, sprint_mu_d2_genie, sprint_mu_d3_branching,
          sprint_mu_orc_legion, sprint_mu_elf_gauntlet, sprint_mu_hive_nellie,
          sprint_mu_lair_fedhas, sprint_mu_vaults_butterflies,
          sprint_mu_slime_circle, sprint_mu_swamp_cave, sprint_mu_shoals_archi,
          sprint_mu_blade_basic, sprint_mu_crypt_chambers,
          sprint_mu_tomb_spiral, sprint_mu_vestibule_basic,
          sprint_mu_gehenna_hellfire, sprint_mu_dis_giant,
          sprint_mu_tartarus_statrot, sprint_mu_cocytus_islands, sprint_mu_zot1]

Skill      XL: |  1  2  3  4  5  6  7  8  9 10 11 |
---------------+----------------------------------+-----
Dodging        | 4 5 8 9 10 11 12 13 | 13.7
Unarmed Combat | 5 6 7 10 11 12 13 14 15 | 15.0
Fighting       | 5 6 7 10 11 12 13 14 15 | 15.0
Armour         | 3 6 8 10 | 10.1
Stealth        | 5 9 |  9.8
Invocations    | 4 8 |  8.5

Action                   |  1- 3 |  4- 6 |  7- 9 | 10-12 || total
-------------------------+-------+-------+-------+-------++-------
Melee: Unarmed           |    30 |    19 |   116 |   261 ||   426
       Punch             |     1 |       |     7 |    17 ||    25
Invok: Greater Servant o |       |       |       |     1 ||     1
  Use: Potion            |     1 |     1 |     2 |     1 ||     5
       Scroll            |       |     3 |       |     1 ||     4
 Stab: Sleeping          |     2 |     1 |     1 |     2 ||     6
       Confused          |       |       |       |     1 ||     1
  Eat: Chunk             |     2 |     4 |    10 |    16 ||    32
Armor: Robe              |     1 |     1 |     3 |       ||     5
       Troll leather arm |       |       |     4 |    24 ||    28
Dodge: Dodged            |    14 |    11 |    68 |   190 ||   283

Table legend:
 A = Non-vault XP
 B = Vault XP
 C = Vault XP percentage of total XP
 D = Non-vault monster count
 E = Vault monster count
 F = Vault count percentage of total count
                 A         B        C        D         E       F
            +---------+---------+-------+---------+---------+-------
      Total |       0 |   16408 | 100.0 |       0 |      93 | 100.0
            +---------+---------+-------+---------+---------+-------
          D |       0 |   16408 | 100.0 |       0 |      93 | 100.0
            +---------+---------+-------+---------+---------+-------
